 Dungeon Crawl Stone Soup version 0.28.0-53-g5a82cb258f (webtiles) character file.

Game seed: 1473806883082067661

198 DemonSlayer the Firebug (level 5, 0/36 HPs)
             Began as a Demonspawn Fire Elementalist on Aug 7, 2022.
             Was an Initiate of Cheibriados.
             Slain by a gnoll shaman
             ... wielding a +0 whip
              (6 damage)
             ... on level 3 of the Dungeon.
             The game lasted 00:08:33 (4464 turns).

DemonSlayer the Firebug (DsFE)                      Turns: 4464, Time: 00:08:34

Health: 0/36       AC:  2    Str: 10    XL:     5   Next: 47%
Magic:  8/9        EV: 15    Int: 19    God:    Cheibriados [......]
Gold:   118        SH:  0    Dex: 14    Spells: 3/9 levels left

rFire   + . .      SeeInvis .   g - +0 mace
rCold   + . .      Faith    .   (no shield)
rNeg    . . .      Spirit   .   a - +0 robe
rPois   +          Reflect  .   (no helmet)
rElec   +          Harm     .   (no cloak)
rCorr   +          Rampage  .   (no gloves)
Will    .....                   (no boots)
Stlth   ++........              e - amulet of magic regeneration
HPRegen 0.12/turn               (no ring)
MPRegen 0.51/turn               (no ring)

@: resistant, attractive, very slow
A: repulsion field 2
a: Renounce Religion


You were on level 3 of the Dungeon.
You worshipped Cheibriados.
Cheibriados was noncommittal.
You visited 2 branches of the dungeon, and saw 5 of its levels.

You collected 118 gold pieces.

Inventory:

Hand Weapons
 b - a +0 dagger
 g - a +0 mace (weapon)
 h - a +0 hunting sling
Missiles
 i - 129 stones
 m - 4 sling bullets
Armour
 a - a +0 robe (worn)
Jewellery
 e - an amulet of magic regeneration (around neck)
Scrolls
 c - 2 scrolls of noise {unknown}
 f - a scroll of silence {unknown}
 k - a scroll of enchant weapon {unknown}
 l - 2 scrolls of identify {unknown}
 n - a scroll of holy word {unknown}
Potions
 j - a potion of attraction
 o - a potion of lignification {unknown}


   Skills:
 + Level 0.9 Fighting
 + Level 0.1 Short Blades
 + Level 2.6 Slings
 + Level 2.2 Dodging
 + Level 1.9 Stealth
 + Level 2.9 Spellcasting
 + Level 1.1 Conjurations
 + Level 3.7 Fire Magic


You had 3 spell levels left.
You knew the following spells:

 Your Spells              Type           Power      Damage    Failure   Level
a - Foxfire               Conj/Fire      48%        2x1d6     5%          1
b - Scorch                Fire           34%        2d7       4%          2
c - Summon Guardian Gole  Hex/Summ       2%         N/A       43%         3

Your spell library contained the following spells:

 Spells                   Type           Power      Damage    Failure   Level
 Summon Small Mammal      Summ           8%         N/A       16%         1
 Conjure Flame            Conj/Fire      12%        6-21      17%         3
 Inner Flame              Hex/Fire       9%         N/A       22%         3
 Call Canine Familiar     Summ           2%         N/A       43%         3
 Flame Wave               Conj/Fire      12%        2d6       50%         4


Dungeon Overview and Level Annotations

Branches:
Dungeon (4/15)             Temple (1/1) D:4

Altars:
Ashenzari
Cheibriados
Dithmenos
Elyvilon
Fedhas
Gozag
Hepliaklqana
Kikubaaqudgha
Makhleb
Nemelex Xobeh
Okawaru
Qazlal
Ru
Sif Muna
Trog
Uskayaw
Vehumet
Wu Jian
Yredelemnul
Zin
The Shining One

Shops:
D:1 !


Innate Abilities, Weirdness & Mutations

You are surrounded by a moderate repulsion field. (EV +3)


Message History

Flames lash the ball python.
You kill the ball python!
Cheibriados appreciates the change of pace.
The gnoll shaman barely misses you. The gnoll hits you with a +0 whip.
Flames lash the gnoll shaman.
The gnoll shaman is burned terribly!
The gnoll shaman is moderately wounded.
The gnoll shaman hits you with a +0 whip!
The gnoll hits you with a +0 whip.
You are too injured to fight recklessly!
You are too injured to fight recklessly!
You are too injured to fight recklessly!
You are too injured to fight recklessly!
You are too injured to fight recklessly!
You are too injured to fight recklessly!
The gnoll shaman closely misses you.
g - a +0 mace (weapon)
The gnoll shaman is no longer more vulnerable to fire.
You closely miss the gnoll shaman.
The gnoll shaman is moderately wounded.
The gnoll shaman misses you.
The gnoll shaman hits you with a +0 whip.
You hit the gnoll shaman.
You punch the gnoll shaman, but do no damage.
The gnoll shaman is moderately wounded.
The gnoll shaman misses you.
You hit the gnoll shaman but do no damage.
The gnoll shaman is moderately wounded.
The gnoll shaman completely misses you.
You hit the gnoll shaman.
The gnoll shaman is severely wounded.
The gnoll shaman misses you.
The gnoll shaman hits you with a +0 whip!
* * * LOW HITPOINT WARNING * * *
It was a potion of resistance.
You feel protected. The gnoll shaman closely misses you.
It was a potion of attraction.
You feel attractive to monsters.
The gnoll shaman hits you with a +0 whip.
You die...

#.#.#. #.#.#. #.#g#.##
##...#..# ##### #...###.#
#######.... #.#.# #.#
###.......### ####.#รท#
#.###...#######
#......###.......##...####
#.....ggg@................
#.....#####.............##
#####. #.............## #.
#............... #.
#.#............. #.
#............### #.
############## ..


You could see a gnoll shaman and 2 gnolls.

Vanquished Creatures
  A scorpion (D:3)
  An iguana (D:4)
  2 adders (D:2)
  3 gnolls (D:4)
  4 orcs (D:4)
  5 endoplasms
  4 giant cockroaches
  6 goblins
  8 hobgoblins
  2 jackals (D:1)
  6 kobolds
  A quokka (D:1)
  6 ball pythons
  5 bats
  2 frilled lizards (D:1)
  6 rats
62 creatures vanquished.

Vanquished Creatures (others)
  67 foxfires (D:1)
67 creatures vanquished.

Grand Total: 129 creatures vanquished

Notes
Turn   | Place    | Note
-------+----------+-------------------------------------------
     0 | D:1      | DemonSlayer the Demonspawn Fire Elementalist began the
                  | quest for the Orb.
     0 | D:1      | Reached XP level 1. HP: 13/13 MP: 3/3
   118 | D:1      | Found a faded altar of an unknown god.
   219 | D:1      | Reached skill level 3 in Fire Magic
   252 | D:1      | Gained mutation: You are surrounded by a mild repulsion
                  | field. (EV +2) [demonic ancestry]
   252 | D:1      | Reached XP level 2. HP: 13/19 MP: 0/5
   255 | D:1      | Learned a level 2 spell: Scorch
   859 | D:1      | Found Ceese's Distillery.
  1303 | D:1      | Reached XP level 3. HP: 24/24 MP: 1/6
  1881 | D:1      | Learned a level 3 spell: Summon Guardian Golem
  2763 | D:2      | Gained mutation: You are surrounded by a moderate repulsion
                  | field. (EV +3) [demonic ancestry]
  2763 | D:2      | Reached XP level 4. HP: 31/31 MP: 7/7
  2951 | D:3      | Noticed a scorpion
  2956 | D:3      | Killed a scorpion
  2957 | D:3      | Reached skill level 1 in Slings
  3451 | D:4      | Reached XP level 5. HP: 36/36 MP: 5/9
  3952 | D:4      | Found a staircase to the Ecumenical Temple.
  4152 | Temple   | Entered the Ecumenical Temple
  4336 | Temple   | Became a worshipper of Cheibriados the Contemplative
  4464 | D:3      | Slain by a gnoll shaman

Illustrated notes

Levels and vault maps discovered:
D:1:      saegor_arrival_simple_c, layout_loops_ring,
          shapermc_ecumenical_altar_totnotflames, serial_shops,
          nicolae_shop_statue_plus, amcnicky_mini_corridor_feature
D:2:      layout_rooms, serial_curves, eino_curves_03, eino_curves_03
D:3:      layout_rooms, uniq_jessica
D:4:      layout_basic, minmay_temple_entry_arrows, minivault_26
Temple:   mainiacjoe_temple_starburst

Skill      XL: |  1  2  3  4 |
---------------+-------------+-----
Fire Magic     | 3 |  3.7
Dodging        | 2 |  2.2
Slings         | 2 |  2.6
Fighting       | |  0.9
Short Blades   | |  0.1
Stealth        | |  1.9
Spellcasting   | |  2.9
Conjurations   | |  1.1

Action                   |  1- 3 |  4- 6 || total
-------------------------+-------+-------++-------
Melee: Dagger            |    37 |       ||    37
       Mace              |       |     6 ||     6
       Punch             |       |     1 ||     1
 Fire: Hunting sling     |    37 |    41 ||    78
 Cast: Foxfire           |    49 |       ||    49
       Scorch            |    19 |    23 ||    42
  Use: Potion            |       |     2 ||     2
 Stab: Sleeping          |       |     1 ||     1
Armor: Robe              |    12 |     4 ||    16
Dodge: Dodged            |    63 |    38 ||   101
